[Event "GER-ch Blitz 2019"]
[Site "Magdeburg"]
[Date "2019.05.25"]
[Round "1.4"]
[White "Schulze, Marc"]
[Black "Frischmann, Rick"]
[Result "1-0"]
[ECO "D00"]
[WhiteElo "2220"]
[BlackElo "2320"]
[Annotator "ChessBase"]
[PlyCount "79"]
[EventDate "2019.05.25"]
[EventType "tourn"]
[EventCountry "GER"]
[Tiebreak "Number of wins+Number of black wins"]
[SourceTitle "playchess.com"]
[Source "ChessBase"]
[SourceQuality "1"]
[TimeControl "180+2"]

1. d4 d5 2. Bf4 Nc6 3. e3 Nf6 4. Nf3 Bg4 5. c4 e6 6. Nc3 Bb4 7. a3 Bxc3+ 8. bxc3 O-O 9. Rb1 b6 10. cxd5 Nxd5 11. Rc1 Nxf4 12. exf4 Qd6 13. g3 Qxa3 14. Be2 Rad8 15. O-O Bxf3 16. Bxf3 Na5 17. Qe2 c5 18. dxc5 Qxc5 19. Rfd1 g6 20. h4 h5 21. Kg2 Nc4 22. Qe4 Nb2 23. Rxd8 Rxd8 24. Be2 Rd2 25. Rc2 Rxc2 26. Qxc2 Nc4 27. Qa4 b5 28. Qa6 Nd6 29. Bf3 Kg7 30. Qa1 Nc4 31. Be2 Nd6 32. Bf3 Kh7 33. Qa6 Nc4 34. Be2 Qd5+ 35. Kg1 Qe4 36. Bxc4 Qxc4 37. Qxa7 Kg7 38. Qe3 Qd5 39. Kh2 Kh7 40. Kg1 1-0

[Event "GER-ch Blitz 2019"]
[Site "Magdeburg"]
[Date "2019.05.25"]
[Round "1.5"]
[White "Hirneise, Jens"]
[Black "Svane, Frederik"]
[Result "1-0"]
[ECO "B43"]
[WhiteElo "2375"]
[BlackElo "2342"]
[Annotator "NA RC"]
[PlyCount "27"]
[EventDate "2019.05.25"]
[EventType "tourn"]
[EventCountry "GER"]
[Tiebreak "Number of wins+Number of black wins"]
[SourceTitle "playchess.com"]
[Source "ChessBase"]
[SourceQuality "1"]
[TimeControl "180+2"]

1. e4 c5 2. Nf3 e6 3. d4 cxd4 4. Nxd4 a6 5. Nc3 Qc7 6. Bd3 Bc5 7. Nb3 Ba7 8. Qg4 g6 $16 (8... Kf8 $142) 9. Bf4 d6 10. Qg3 e5 11. Nd5 Qc6 12. Bxe5 f6 13. Bxd6 Kf7 14. Nc7 1-0

[Event "GER-ch Blitz 2019"]
[Site "Magdeburg"]
[Date "2019.05.25"]
[Round "1.8"]
[White "Kopylov, Michael"]
[Black "Carow, Johannes"]
[Result "0-1"]
[ECO "D20"]
[WhiteElo "2413"]
[BlackElo "2445"]
[Annotator "ChessBase"]
[PlyCount "90"]
[EventDate "2019.05.25"]
[EventType "tourn"]
[EventCountry "GER"]
[Tiebreak "Number of wins+Number of black wins"]
[SourceTitle "playchess.com"]
[Source "ChessBase"]
[SourceQuality "1"]
[TimeControl "180+2"]

1. d4 d5 2. c4 dxc4 3. e4 Nf6 4. Nc3 e5 5. Nf3 exd4 6. Qxd4 Qxd4 7. Nxd4 c6 8. Bxc4 Nbd7 9. f3 g6 10. Be3 Bg7 11. O-O-O O-O 12. Be2 Re8 13. g4 a6 14. Nb3 b6 15. h4 Bf8 16. h5 c5 17. hxg6 hxg6 18.
g5 Nh5 19. Nd5 Ra7 20. Rh3 Bg7 21. Rh4 Bb7 22. Nc7 Re7 23. f4 Bxe4 24. Rh3 Rxc7 25. Bxh5 gxh5 26. Rxh5 Bg6 27. Rh3 Bf5 28. Rg3 Nf8 29. Rd8 Rcd7 30. Ra8 a5 31. Nd2 Rd3 32. Bf2 Rxg3 33. Bxg3 Kh7 34. Rb8 Nd7 35. Rb7 Bd4 36. Bh4 Kg6 37. Nf3 Bg7 38. Bf2 Kh5 39. Nd2 Bf8 40. Nc4 Kg4 41. Nxb6 Nxb6 42. Rxb6 c4 43. Rc6 Bd3 44. Rf6 Bg7 45. Ra6 Re2 0-1

[Event "GER-ch Blitz 2019"]
[Site "Magdeburg"]
[Date "2019.05.25"]
[Round "1.12"]
[White "Baskin, Robert"]
[Black "Barzen, Pascal"]
[Result "1-0"]
[ECO "A45"]
[WhiteElo "2398"]
[BlackElo "2292"]
[Annotator "ChessBase"]
[PlyCount "181"]
[EventDate "2019.05.25"]
[EventType "tourn"]
[EventCountry "GER"]
[Tiebreak "Number of wins+Number of black wins"]
[SourceTitle "playchess.com"]
[Source "ChessBase"]
[SourceQuality "1"]
[TimeControl "180+2"]

1. d4 Nf6 2. Bf4 e6 3. e3 b6 4. Nf3 Bb7 5. h3 d5 6. Bd3 Bd6 7. Nbd2 O-O 8. Ne5 c5 9. c3 Nc6 10. Nxc6 Bxc6 11. Bxd6 Qxd6 12. f4 cxd4 13. cxd4 Ne4 14. O-O Qb4 15. Bxe4 dxe4 16. Rc1 Bb5 17. Rf2 Bd3 18. a3 Qd6 19. Nc4 Bxc4 20. Rxc4 Rfc8 21. Rfc2 Rxc4 22. Rxc4 h6 23. Qc2 Rd8 24. Qxe4 g6 25. Qc6 Qe7 26. g3 h5 27. h4 Qf6 28.
Qe4 Qe7 29. Qe5 Qd7 30. Rc7 Qa4 31. Rc1 Qb3 32. d5 exd5 33.
Qd4 Re8 34. Kf2 Kh7 35. Rc7 Kg8 36. Kf3 a5 37. f5 gxf5 38.
Rc1 Qb5 39. Qf4 Qd7 40. Qg5+ Kf8 41. Qxh5 Qe6 42.
Qh8+ Ke7 43. Qc3 Qe4+ 44. Kf2 Rd8 45. Qc7+ Rd7 46. Qf4 Qd3 47. Qd4 Qe4 48. Rc6 Qxd4 49. exd4 f4 50. gxf4 Kf8 51. h5 Kg7 52. h6+ Kh7 53. Rxb6 Rc7 54. Kf3 Rc2 55. Kg4 Rd2 56. Kf5 Rxd4 57. Ke5 Re4+ 58. Kxd5 Rxf4 59. Kc5 a4 60. Kb5 f5 61. Ka5 Re4 62. Rf6 f4 63. Kb5 Rd4 64. Kc5 Re4 65.
Kd5 Re2 66. Rxf4 Rxb2 67. Rxa4 Kxh6 68. Kc5 Kg5 69. Rb4 Ra2 70. a4 Kf6 71. Re4 Kf5 72. Rd4 Ke6 73. Kb5 Ke5 74. Rd1 Ke6 75. a5 Rb2+ 76. Ka6 Rb3 77. Ka7 Rb2 78. a6 Ke7 79. Rd3 Rb1 80.
Ka8 Rb2 81. Rh3 Kd7 82. Rh7+ Kc8 83. Rb7 Ra2 84. a7 Ra1 85. Rb2 Ra3 86. Rc2+ Kd7 87. Rc4 Ra2 88. Kb7 Rb2+ 89. Ka6 Ra2+ 90. Kb6 Rb2+ 91. Ka5 1-0

[Event "GER-ch Blitz 2019"]
[Site "Magdeburg"]
[Date "2019.05.25"]
[Round "1.14"]
[White "Wichmann, Cliff"]
[Black "Braeuning, Rudolf Wilhelm"]
[Result "0-1"]
[ECO "A50"]
[WhiteElo "2280"]
[BlackElo "2285"]
[Annotator "ChessBase"]
[PlyCount "72"]
[EventDate "2019.05.25"]
[EventType "tourn"]
[EventCountry "GER"]
[Tiebreak "Number of wins+Number of black wins"]
[SourceTitle "playchess.com"]
[Source "ChessBase"]
[SourceQuality "1"]
[TimeControl "180+2"]

1. d4 Nf6 2. c4 Nc6 3. Nf3 e6 4. e3 d6 5. b3 g6 6. Bb2 Bg7 7. Nbd2 O-O 8. Be2 Qe7 9. O-O e5 10. d5 Nb8 11. Qc2 a5 12. a3 Bf5 13. e4 Bg4 14. b4 Nbd7 15. Rfc1 b6 16. Nf1 Nh5 17. h3 Bxf3 18. Bxf3 Nf4 19. Ne3 Qg5 20. Kh2 f5 21. g3 fxe4 22. Bg4 Nd3 23. Rf1 Nf6 24. Be6+ Kh8 25. Rad1 axb4 26. axb4 Nxb4 27. Qe2 Nd3 28. f4 exf4 29. gxf4 Nxf4 30. Qf2 Ra2 31. Rd2 Nd3 32. Qg3 Qxg3+ 33. Kxg3 Rxb2 34. Rxd3 exd3 35. Rd1 Ne4+ 36. Kg4 Nf2+ 0-1

[Event "GER-ch Blitz 2019"]
[Site "Magdeburg"]
[Date "2019.05.25"]
[Round "1.15"]
[White "Voege, Tobias"]
[Black "Feuerstack, Aljoscha"]
[Result "0-1"]
[ECO "A58"]
[WhiteElo "2294"]
[BlackElo "2441"]
[Annotator "NA RC"]
[PlyCount "50"]
[EventDate "2019.05.25"]
[EventType "tourn"]
[EventCountry "GER"]
[Tiebreak "Number of wins+Number of black wins"]
[SourceTitle "playchess.com"]
[Source "ChessBase"]
[SourceQuality "1"]
[TimeControl "180+2"]

1. d4 Nf6 2. c4 c5 3. d5 b5 4. cxb5 a6 5. bxa6 $11 e6 6. Nc3 exd5 7. Nxd5 Be7 8. Bf4 Nxd5 9. Qxd5 Nc6 10. e4 O-O 11. Nf3 Bxa6 12. Bxa6 Qa5+ 13. Bd2 Qxa6 14. Bc3 Nb4 15. Bxb4 cxb4 16. Qd2 b3 17. a3 Bf6 18. e5 Rfe8 19. Qe2 Qa5+ 20. Qd2 Qa6 21. Qe2 Qa5+ 22. Qd2 Bxe5 23. Qxa5 Bxb2+ 24. Kd2 Rxa5 25. Rab1 Rd5+ 0-1

[Event "GER-ch Blitz 2019"]
[Site "Magdeburg"]
[Date "2019.05.25"]
[Round "2.3"]
[White "Stein, Robert"]
[Black "Schulze, Marc"]
[Result "0-1"]
[ECO "A53"]
[WhiteElo "2318"]
[BlackElo "2220"]
[Annotator "NA"]
[PlyCount "56"]
[EventDate "2019.05.25"]
[EventType "tourn"]
[EventCountry "GER"]
[Tiebreak "Number of wins+Number of black wins"]
[SourceTitle "playchess.com"]
[Source "ChessBase"]
[SourceQuality "1"]
[TimeControl "180+2"]

1. d4 Nf6 2. c4 d6 3. Nf3 Bf5 4. Nc3 h6 5. g3 Nbd7 6. Bg2 c6 7. O-O e5 8. b3 Be7 9. Bb2 O-O 10. dxe5 dxe5 11. h3 Qc7 12. Nd2 Nc5 13. b4 Ne6 14. c5 Rfd8 15. e3 Rd7 16. Qc1 Rad8 17. Rd1 Ng5 18. g4 Bd3 19. Nf3 Nxf3+ 20. Bxf3 e4 21. Bg2 h5 22. g5 Nh7 23. Nxe4 Bxe4 24. Rxd7 Qxd7 25. Bxe4 Nxg5 26. Bg2 Nxh3+ 27. Bxh3 Qxh3 28. Qc4 Rd5 0-1

[Event "GER-ch Blitz 2019"]
[Site "Magdeburg"]
[Date "2019.05.25"]
[Round "2.5"]
[White "Frischmann, Rick"]
[Black "Heidrich, Manfred"]
[Result "1-0"]
[ECO "B29"]
[WhiteElo "2320"]
[BlackElo "2351"]
[Annotator "NA"]
[PlyCount "57"]
[EventDate "2019.05.25"]
[EventType "tourn"]
[EventCountry "GER"]
[Tiebreak "Number of wins+Number of black wins"]
[SourceTitle "playchess.com"]
[Source "ChessBase"]
[SourceQuality "1"]
[TimeControl "180+2"]

1. e4 c5 2. Nf3 Nf6 3. e5 Nd5 4. Nc3 e6 5. Ne4 Nc6 6. c4 Nc7 7. g3 d6 8. exd6 Bxd6 9. Bg2 O-O 10. O-O e5 11. a3 f5 12. Nxd6 Qxd6 13.
d3 h6 14. b4 cxb4 15. axb4 Nxb4 16. Ba3 a5 17. Nxe5 Qxe5 18. Bxb4 axb4 19. Rxa8 Nxa8 20. d4 Qc7 21. c5 Bd7 22. Qb3+ Kh8 23. Qxb4 Rd8 24. Qxb7 Qxb7 25. Bxb7 Nc7 26. d5 Rb8 27. c6 Be8 28. d6 Ne6 29. c7 1-0

[Event "GER-ch Blitz 2019"]
[Site "Magdeburg"]
[Date "2019.05.25"]
[Round "2.6"]
[White "Kirchner, Thomas"]
[Black "Hirneise, Jens"]
[Result "1/2-1/2"]
[ECO "B50"]
[WhiteElo "2311"]
[BlackElo "2375"]
[Annotator "NA"]
[PlyCount "111"]
[EventDate "2019.05.25"]
[EventType "tourn"]
[EventCountry "GER"]
[Tiebreak "Number of wins+Number of black wins"]
[SourceTitle "playchess.com"]
[Source "ChessBase"]
[SourceQuality "1"]
[TimeControl "180+2"]

1. e4 c5 2. Nf3 d6 3. Bc4 Nc6 4. c3 Nf6 5. d3 g6 6. O-O Bg7 7. Bb3 O-O 8. h3 a6 9. Re1 e5 10. Nbd2 h6 11. Nf1 Be6 12. Ng3 Qd7 13. Bc2 b5 14. Be3 b4 15. d4 bxc3 16. bxc3 cxd4 17. cxd4 exd4 18. Nxd4 Nxd4 19. Bxd4 d5 20.
Ba4 Qd8 21. Bc5 Nxe4 22. Nxe4 dxe4 23. Bxf8 Bxa1 24. Qxa1 Qxf8 25. Rxe4 Rb8 26. Re3 Qd6 27. Bb3 Bxb3 28. axb3 Rd8 29. Re1 Kh7 30. Qc1 Qd2 31. Qa1 Qd6 32. Rb1 Rb8 33. Qa4 Rb7 34. Qc4 Ra7 35. Rc1 Re7 36. b4 Qf6 37. Rd1 Kg7 38. g3 Rb7 39. h4 h5 40. Rc1 Qb6 41. Qc3+ Qf6 42.
Qd2 Qb6 43. Rc4 Qf6 44. Rf4 Qe5 45. Kh2 Rc7 46. Qd3 Qe6 47.
Qd4+ Kh7 48. Re4 Qd7 49. Qf6 Rc6 50. Qf4 Qc7 51. Qf3 Kg7 52.
Re8 Rf6 53. Qe3 Qb6 54. Kg2 Qxe3 55. Rxe3 Rb6 56. Re4 1/2-1/2

[Event "GER-ch Blitz 2019"]
[Site "Magdeburg"]
[Date "2019.05.25"]
[Round "2.7"]
[White "Stern, Rene"]
[Black "Kopylov, Michael"]
[Result "1-0"]
[ECO "A06"]
[WhiteElo "2538"]
[BlackElo "2413"]
[Annotator "RC"]
[PlyCount "83"]
[EventDate "2019.05.25"]
[EventType "tourn"]
[EventCountry "GER"]
[Tiebreak "Number of wins+Number of black wins"]
[SourceTitle "playchess.com"]
[Source "ChessBase"]
[SourceQuality "1"]
[TimeControl "180+2"]

1. Nf3 d5 2. d4 e6 3. c4 c6 4. e3 Nf6 5. Bd3 Nbd7 6. Nbd2 Be7 7. O-O O-O 8. b3 b6 9. Bb2 Bb7 10. Qe2 c5 11. Rad1 cxd4 12. Nxd4 Rc8 13. cxd5 Nxd5 14. Ba6 Bxa6 15. Qxa6 Nc5 16. Qe2 Bf6 17. Nc4 Qe7 18. e4 Nf4 19. Qe3 Bxd4 20. Bxd4 Ng6 21. e5 Rcd8 22. g3 Rd5 23. h4 Qc7 24. Nd6 h6 25. Rc1 Qd7 26. h5 Ne7 27.
Bxc5 bxc5 28. Rxc5 Rxc5 29.
Qxc5 Nd5 30. Rc1 Rb8 31. Rc4 Qe7 32. Qd4 Qg5 33. Qd1 Qxe5 34.
Ne4 Qf5 35. Kg2 a5 36. Qf3 Qe5 37. Qd3 Qxh5 38. Qc2 Qe5 39. Rc8+ Rxc8 40. Qxc8+ Kh7
41. Qc2 f5 42. Nc5 1-0

[Event "GER-ch Blitz 2019"]
[Site "Magdeburg"]
[Date "2019.05.25"]
[Round "2.8"]
[White "Ehmann, Thilo"]
[Black "Schulz, Karsten"]
[Result "1-0"]
[ECO "B06"]
[WhiteElo "2291"]
[BlackElo "2227"]
[Annotator "NA"]
[PlyCount "137"]
[EventDate "2019.05.25"]
[EventType "tourn"]
[EventCountry "GER"]
[Tiebreak "Number of wins+Number of black wins"]
[SourceTitle "playchess.com"]
[Source "ChessBase"]
[SourceQuality "1"]
[TimeControl "180+2"]

1. e4 g6 2. d4 Bg7 3. Nf3 d6 4. Bd3 Nf6 5. O-O O-O 6. c3 Nc6 7. h3 e5 8. Re1 Nh5 9. Bc2 h6 10. Nbd2 exd4 11. cxd4 Nxd4 12. Nxd4 Bxd4 13. Nf3 Bg7 14. Be3 a6 15. Qd2 Kh7 16. Nd4 Bd7 17. f4 Qe7 18. Rad1 Rad8 19. g4 Nf6 20. Bf2 c5 21. Nf3 Bc6 22. Qe2 Rfe8 23. Bh4 Qc7 24. Nd2 Rc8 25. Qf1 b5 26. b3 Qb7 27. e5 Nd5 28. Ne4 dxe5 29. Nd6 Qa7 30.
Nxe8 Rxe8 31. Be4 Qb7 32. f5 Nf4 33. Bxc6 Qxc6 34. Bg3 Nd5 35. Qg2 Nb4 36. Qxc6 Nxc6 37. Rc1 Nd4 38. Rxc5 Nf3+ 39. Kf2 Nxe1 40. Kxe1 gxf5 41. gxf5 e4 42. Rc6 a5 43. Rc5 a4 44. Rxb5 axb3 45. axb3 Bf6 46. Bf4 Rc8 47. Rb6 Kg7 48. Kd2 Rd8+ 49. Ke3 Rd3+ 50. Kxe4 Rxh3 51. b4 Rb3 52. Bxh6+ Kxh6 53. Rxf6+ Kg5 54. Rb6 f6 55. Rb5 Rb1 56. Kd4 Kf4 57. Kc3 Ke4 58. Rc5 Rc1+ 59. Kb3 Rb1+ 60. Ka4 Ra1+ 61. Kb5 Rb1 62. Ka5 Ra1+ 63. Kb6 Rb1 64. b5 Rb2 65. Kc6 Ra2 66. b6 Rb2 67. b7 Kd4 68. Rb5 Rc2+ 69. Kd7 {
[%emt 0:00:01] Kd5} 1-0

[Event "GER-ch Blitz 2019"]
[Site "Magdeburg"]
[Date "2019.05.25"]
[Round "2.9"]
[White "Carow, Johannes"]
[Black "Braeuer, Franz"]
[Result "1-0"]
[ECO "A06"]
[WhiteElo "2445"]
[BlackElo "2445"]
[Annotator "ChessBase"]
[PlyCount "141"]
[EventDate "2019.05.25"]
[EventType "tourn"]
[EventCountry "GER"]
[Tiebreak "Number of wins+Number of black wins"]
[SourceTitle "playchess.com"]
[Source "ChessBase"]
[SourceQuality "1"]
[TimeControl "180+2"]

1. Nf3 d5 2. e3 Nf6 3. c4 e6 4. Nc3 c6 5. b3 Nbd7 6. Bb2 Bd6 7. Qc2 a6 8. d4 O-O 9. Bd3 b5 10. O-O Bb7 11. e4 dxe4 12. Nxe4 Nxe4 13. Bxe4 Nf6 14. c5 Nxe4 15. Qxe4 Be7 16. Rfe1 Bf6 17. Ne5 Qd5 18. Qxd5 exd5 19. Nd7 Rfe8 20. Nxf6+ gxf6 21. Bc3 Re6 22. Rxe6 fxe6 23. Re1 Kf7 24. Ba5 Rg8 25. f3 Bc8 26. Kf2 Bd7 27. Re3 Re8 28. Bc7 Rc8 29. Bb6 Re8 30. f4 Rc8 31. b4 Ke7 32. f5 Kf7 33.
fxe6+ Bxe6 34. Ra3 Ra8 35. Bc7 Bf5 36. Rf3 Be4 37. Rf4 Ke6 38.
Rh4 Ra7 39. Bd8 Rd7 40. Bb6 Rg7 41. g3 Rd7 42. Rh6 Kf5 43.
Rh4 Ke6 44. h3 Rg7 45. g4 Rd7 46. Rh6 Kf7 47. h4 Kg7 48. g5 Rf7 49. Ke2 Bg6 50. Bd8 fxg5 51. hxg5 Rf4 52. Rh3 Re4+ 53. Kf2 Kf7 54. Bf6 Rf4+ 55. Ke2 Re4+ 56. Kd2 Rg4 57. Ra3 Rg2+ 58. Ke1 h6 59. Rxa6 hxg5 60. Be5 Bd3 61. Rxc6 Rxa2 62. Rf6+ Ke7 63. Rd6 Be4 64. Rb6 Bd3 65. c6 Rc2 66. c7 g4 67. Rb8 Bf5 68. Rxb5 Be6 69. Rb6 Kd7 70. Rb7 Rc4 71. b5 1-0

[Event "GER-ch Blitz 2019"]
[Site "Magdeburg"]
[Date "2019.05.25"]
[Round "2.11"]
[White "Krause, Benedict"]
[Black "Baskin, Robert"]
[Result "1-0"]
[ECO "B94"]
[WhiteElo "2434"]
[BlackElo "2398"]
[Annotator "NA"]
[PlyCount "65"]
[EventDate "2019.05.25"]
[EventType "tourn"]
[EventCountry "GER"]
[Tiebreak "Number of wins+Number of black wins"]
[SourceTitle "playchess.com"]
[Source "ChessBase"]
[SourceQuality "1"]
[TimeControl "180+2"]

1. e4 c5 2. Nf3 d6 3. d4 cxd4 4. Nxd4 Nf6 5. Nc3 a6 6. Bg5 Nbd7 7. Qe2 h6 8. Bh4 g6 9. f4 e5 10. fxe5 dxe5 11. O-O-O Qc7 12. Nb3 b5 13. Rxd7 Nxd7 14. Nd5 Qb8 15. Qf3 Bb7 16. Na5 Bxd5 17. exd5 Bd6 18. Nc6 Qc7 19. Bd3 Nc5 20. Bf6 Nxd3+ 21. Qxd3 O-O 22. Qh3 e4 23. Rf1 h5 24. g4 Qd7 25. Rf5 Qxf5 26. gxf5 Bf4+ 27. Kd1 e3 28. fxg6 fxg6 29. Qe6+ Rf7 30. Nd8 Rxd8 31. Bxd8 Kg7 32. Bb6 Bxh2 33. Bd4+ 1-0

[Event "GER-ch Blitz 2019"]
[Site "Magdeburg"]
[Date "2019.05.25"]
[Round "2.13"]
[White "Barzen, Pascal"]
[Black "Wichmann, Cliff"]
[Result "0-1"]
[ECO "C02"]
[WhiteElo "2292"]
[BlackElo "2280"]
[Annotator "NA"]
[PlyCount "76"]
[EventDate "2019.05.25"]
[EventType "tourn"]
[EventCountry "GER"]
[Tiebreak "Number of wins+Number of black wins"]
[SourceTitle "playchess.com"]
[Source "ChessBase"]
[SourceQuality "1"]
[TimeControl "180+2"]

1. e4 e6 2. d4 d5 3. e5 c5 4. c3 Bd7 5. Nf3 Nc6 6. a3 f6 7. b4 fxe5 8. dxe5 Qc7 9. Bf4 O-O-O 10. h4 Nh6 11. Nbd2 Nf7 12. Qe2 g6 13. b5 Na5 14. a4 Bg7 15. g3 h6 16.
Bg2 Rdf8 17. O-O g5 18. hxg5 hxg5 19. Nxg5 Nxg5 20. Bxg5 Bxe5 21. Rac1 Kb8 22. Rfe1 Bd6 23. c4 Rhg8 24. Bh4 Rf5 25. Qd3 Rgf8 26. Re2 Be5 27. cxd5 exd5 28. Be7 c4 29. Qxd5 Bxg3 30. Qd4 Rxf2 31. Rce1 R2f4 32. Bd6 Rxd4 33. Bxc7+ Bxc7 34.
Rf1 Rxf1+ 35. Nxf1 Bb6 36. Kh1 c3 37. Be4 Bg4 38. Re3 Rxe4 0-1

[Event "GER-ch Blitz 2019"]
[Site "Magdeburg"]
[Date "2019.05.25"]
[Round "2.14"]
[White "Feuerstack, Aljoscha"]
[Black "Heistermann, Till"]
[Result "1/2-1/2"]
[ECO "B00"]
[WhiteElo "2441"]
[BlackElo "2181"]
[Annotator "NA"]
[PlyCount "70"]
[EventDate "2019.05.25"]
[EventType "tourn"]
[EventCountry "GER"]
[Tiebreak "Number of wins+Number of black wins"]
[SourceTitle "playchess.com"]
[Source "ChessBase"]
[SourceQuality "1"]
[TimeControl "180+2"]

1. e4 d6 2. d4 e5 3. c3 Nf6 4. Bd3 Be7 5. Nf3 Nbd7 6. O-O O-O 7. h3 c6 8. Re1 Re8 9. Na3 Qc7 10. Nc2 Nf8 11. b4 Ng6 12. a4 a5 13. Bd2 $11 h6 14. Nh2 Be6 15. Ng4 Qc8 16. Nce3 Nxg4 17. hxg4 Bg5 18. Nf5 Qd8 19. Bxg5 hxg5 20. g3 axb4 21. cxb4 exd4 22. Nxd4 Qf6 23. Nf5 Bxf5 24. gxf5 Ne5 25. Be2 Rad8 26. f4 Nd7 27. Bg4 Nf8 28. Qf3 Qd4+ 29. Kg2 Qxb4 30. Rab1 Qxa4 31. Rxb7 Qc2+ 32. Re2 Qc4 33. fxg5 Rb8 34. Reb2 Rxb7 35. Rxb7 Qc2+ {[%emt 0:
00:07] Rb8} 1/2-1/2

[Event "GER-ch Blitz 2019"]
[Site "Magdeburg"]
[Date "2019.05.25"]
[Round "2.15"]
[White "Braeuning, Rudolf Wilhelm"]
[Black "Voege, Tobias"]
[Result "0-1"]
[ECO "B22"]
[WhiteElo "2285"]
[BlackElo "2294"]
[Annotator "NA"]
[PlyCount "89"]
[EventDate "2019.05.25"]
[EventType "tourn"]
[EventCountry "GER"]
[Tiebreak "Number of wins+Number of black wins"]
[SourceTitle "playchess.com"]
[Source "ChessBase"]
[SourceQuality "1"]
[TimeControl "180+2"]

1. e4 c5 2. c3 g6 3. d4 cxd4 4. cxd4 d5 5. exd5 Bg7 6. Nc3 Nf6 7. Bc4 O-O 8. Nge2 Nbd7 9. Nf4 a6 10. a4 Nb6 11. Bb3 Bg4 12. f3 Bd7 13.
h4 h5 14. g4 hxg4 15. h5 g5 16. h6 gxf4 17. hxg7 Kxg7 18. Bxf4 Rh8 19. Kf2 gxf3 20. Be5 Bg4 21. Qg1 Qd7 22. Qg3 Qf5 23. Rag1 Rxh1 24. Rxh1 Rg8 25. d6 Kf8 26. dxe7+ Kxe7 27. Bxf6+ Qxf6 28. Qc7+ Kf8 29. Qc5+ Kg7 30. Ne4 Qg6 31. Qe5+ Kf8 32. Nf6 Nd7 33. Nxd7+ Bxd7 34. Qc5+ Ke8 35. Re1+ Be6 36. Bxe6 Qg2+ 37. Ke3 fxe6 38. Kd3 Qg6+ 39. Kc3 Kf7 40. Qc7+ Kf6 41. Qe5+ Kf7 42. Qc7+ Kf6 43. Qe5+ Ke7 44. Qc7+ Kf8 45. Qd6+ 0-1

[Event "GER-ch Blitz 2019"]
[Site "Magdeburg"]
[Date "2019.05.25"]
[Round "3.2"]
[White "Schulze, Marc"]
[Black "Kopylov, Daniel"]
[Result "1-0"]
[ECO "A45"]
[WhiteElo "2220"]
[BlackElo "2263"]
[Annotator "NA"]
[PlyCount "89"]
[EventDate "2019.05.25"]
[EventType "tourn"]
[EventCountry "GER"]
[Tiebreak "Number of wins+Number of black wins"]
[SourceTitle "playchess.com"]
[Source "ChessBase"]
[SourceQuality "1"]
[TimeControl "180+2"]

1. d4 Nf6 2. Bf4 d5 3. e3 Bg4 4. Nf3 e6 5. c3 Bd6 6. Bxd6 Qxd6 7. Nbd2 Nbd7 8. Bd3 e5 9. dxe5 Nxe5 10. Be2 h5 11. Nxe5 Qxe5 12. Qa4+ c6 13. Nf3 Qe7 14. h3 Bxf3 15. Bxf3 h4 16. O-O Nd7 17. Qd4 Qe5 18. Rfe1 a5 19. Rad1 Rh6 20. e4 Qxd4 21. Rxd4 Re6 22. Kf1 dxe4 23. Rdxe4 Rxe4 24. Rxe4+ Kd8 25. Rxh4 Kc7 26. Re4 Kd6 27. Bd1 Nf6 28. Rd4+ Ke7 29. g4 Rh8 30. Kg2 Nh7 31. Re4+ Kd6 32. h4 Nf6 33. Rd4+ Ke7 34. g5 Nd7 35. f3 c5 36. Re4+ Kd6 37. Bb3 f6 38. Re6+ Kc7 39. Re7 fxg5 40. Ba4 gxh4 41. Rxd7+ Kb6 42. Rxg7 h3+ 43. Kh1 Rf8 44. Rg3 Rd8 45. Rg2 1-0

[Event "GER-ch Blitz 2019"]
[Site "Magdeburg"]
[Date "2019.05.25"]
[Round "3.3"]
[White "Schmaltz, Roland"]
[Black "Svane, Frederik"]
[Result "0-1"]
[ECO "B41"]
[WhiteElo "2461"]
[BlackElo "2342"]
[Annotator "RC"]
[PlyCount "61"]
[EventDate "2019.05.25"]
[EventType "tourn"]
[EventCountry "GER"]
[Tiebreak "Number of wins+Number of black wins"]
[SourceTitle "playchess.com"]
[Source "ChessBase"]
[SourceQuality "1"]
[TimeControl "180+2"]

1. e4 c5 2. Nf3 e6 3. d4 cxd4 4. Nxd4 a6 5. c4 Nf6 6. Nc3 Qc7 7. a3 d6 8. Be3 b6 9. Rc1 Bb7 10. f3 Nbd7 11. Be2 Rc8 12.
O-O Qb8 13. Qd2 Be7 14. Rfd1 h5 15. b4 Bd8 16. Nb3 Bc7 17.
Bf4 Ne5 18. Bxe5 dxe5 19. c5 b5 20. a4 Bc6 21. axb5 axb5 22.
Bf1 Qb7 23. Qe2 Rb8 24. Ra1 O-O 25. Na5 Bxa5 26. Rxa5 Ra8 27. Rda1 Rxa5 28. Rxa5 Rb8 29. Nxb5 Qd7 30. Qd3 Bxb5 31. Rxb5 0-1

[Event "GER-ch Blitz 2019"]
[Site "Magdeburg"]
[Date "2019.05.25"]
[Round "3.4"]
[White "Heidrich, Manfred"]
[Black "Stein, Robert"]
[Result "0-1"]
[ECO "C45"]
[WhiteElo "2351"]
[BlackElo "2318"]
[Annotator "NA"]
[PlyCount "54"]
[EventDate "2019.05.25"]
[EventType "tourn"]
[EventCountry "GER"]
[Tiebreak "Number of wins+Number of black wins"]
[SourceTitle "playchess.com"]
[Source "ChessBase"]
[SourceQuality "1"]
[TimeControl "180+2"]

1. e4 e5 2. Nf3 Nc6 3. d4 exd4 4. Nxd4 Bc5 5. Nxc6 Qf6 6.
Qf3 dxc6 7. Bd3 Be6 8. Nd2 O-O-O 9. Qxf6 Nxf6 10. h3 Rhe8 11. O-O Nd7 12. Nb3 Bb6 13. Re1 Ne5 14. Bf1 Bc4 15. Nd2 Bxf1 16. Kxf1 Rd7 17. Nb3 Nc4 18. Rb1 Rde7 19. f3 h6 20. Nd2 Nd6 21. b3 f5 22. Ba3 fxe4 23. Bxd6 cxd6 24. Nxe4 Bc7 25. c4 d5 26. cxd5 cxd5 27. Nc3 Rxe1+ 0-1

[Event "GER-ch Blitz 2019"]
[Site "Magdeburg"]
[Date "2019.05.25"]
[Round "3.5"]
[White "Zuyev, Igor"]
[Black "Kirchner, Thomas"]
[Result "1-0"]
[ECO "C44"]
[WhiteElo "2447"]
[BlackElo "2311"]
[Annotator "NA RC"]
[PlyCount "39"]
[EventDate "2019.05.25"]
[EventType "tourn"]
[EventCountry "GER"]
[Tiebreak "Number of wins+Number of black wins"]
[SourceTitle "playchess.com"]
[Source "ChessBase"]
[SourceQuality "1"]
[TimeControl "180+2"]

1. e4 e5 2. Nf3 Nc6 3. d4 exd4 4. Bc4 Bc5 5. c3 d3 6. b4 Bb6 7. a4 a6 8. O-O d6 9. Qb3 Qf6 10. a5 Ba7 11. b5 axb5 12. a6 bxa6 13.
Bd5 Nge7 14. Bg5 Qg6 15. Bxe7 Kxe7 16. Bxc6 Rb8 17. Kh1 Rb6 18. Nd4 Be6 19. Qd1 Qh5 20. Qxh5 1-0

[Event "GER-ch Blitz 2019"]
[Site "Magdeburg"]
[Date "2019.05.25"]
[Round "3.6"]
[White "Kopylov, Michael"]
[Black "Frischmann, Rick"]
[Result "0-1"]
[ECO "D07"]
[WhiteElo "2413"]
[BlackElo "2320"]
[Annotator "NA"]
[PlyCount "70"]
[EventDate "2019.05.25"]
[EventType "tourn"]
[EventCountry "GER"]
[Tiebreak "Number of wins+Number of black wins"]
[SourceTitle "playchess.com"]
[Source "ChessBase"]
[SourceQuality "1"]
[TimeControl "180+2"]

1. d4 d5 2. c4 Nc6 3. Nc3 Nf6 4. cxd5 Nxd5 5. Nf3 e5 6. e3 exd4 7. exd4 Bb4 8. Bd2 O-O 9. Bd3 Re8+ 10. Kf1 Nf6 11. Bg5 Be7 12. h3 h6 13. Bh4 Nd5 14. Bg3 Ndb4 15. Bc4 Bf6 16. a3 Na6 17. Ne5 Bxe5 18.
dxe5 Be6 19. Be2 Nd4 20. Kg1 Nb3 21. Rb1 Qe7 22. Qc2 Rad8 23.
Kh2 Rd2 24. Qe4 Nac5 25. Qb4 a5 26. Qf4 Red8 27. Rhd1 Nd3 28. Bxd3 R2xd3 29. Rxd3 Rxd3 30. Qe4 Nc5 31. Qf4 Qd7 32. Ne4 Nxe4 33. Qxe4 Bf5 34. Qxb7 Rxg3
35. fxg3 Bxb1 0-1